 Dungeon Crawl Stone Soup version 0.24-a0-93-ge1bfdf8 (console) character file.

Game seed: 2692106869697543275

196 Voker57 the Slasher (level 5, -3/41 HPs)
             Began as a Demonspawn Gladiator on Feb 11, 2019.
             Slain by an orc wizard
             ... wielding a +0 dagger of venom
              (4 damage)
             ... on level 3 of the Dungeon.
             The game lasted 00:02:45 (2006 turns).

Voker57 the Slasher (Demonspawn Gladiator)          Turns: 2006, Time: 00:02:45

Health: -3/41      AC:  7    Str: 17 (19) XL:     5   Next: 45%
Magic:  5/5        EV: 14    Int: 13 (14) God:
Gold:   176        SH:  0    Dex: 15 (16) Spells: 4/4 levels left

rFire    + . .     SeeInvis .   a - +0 long sword
rCold    + . .     Gourm    .   (no shield)
rNeg     . . .     Faith    .   b - +0 leather armour
rPois    +         Spirit   .   c - +0 helmet
rElec    +         Reflect  .   (no cloak)
rCorr    +         Harm     .   g - +2 pair of gloves
MR       .....                  (no boots)
Stlth    ++........             (no amulet)
HPRegen  0.13/turn              (no ring)
MPRegen  0.09/turn              (no ring)

@: mighty, brilliant, lethally poisoned (-3 -> -26), resistant
A: hooves 1, mutation resistance 1, nightstalker 1, rot immunity, sturdy frame 1
a: no special abilities


You were on level 3 of the Dungeon.
You were not hungry.

You visited 1 branch of the dungeon, and saw 3 of its levels.

You collected 176 gold pieces.

Inventory:

Hand Weapons
 a - a +0 long sword (weapon)
Missiles
 d - 3 throwing nets (quivered)
Armour
 b - a +0 leather armour (worn)
 c - a +0 helmet (worn)
 g - a +2 pair of gloves (worn)
Jewellery
 m - an uncursed ring of wizardry {unknown}
Wands
 p - a wand of enslavement (9)
Scrolls
 e - 4 scrolls of immolation {unknown}
 k - 2 scrolls of remove curse {unknown}
 o - 3 scrolls of teleportation {unknown}
 q - a scroll of enchant weapon {unknown}
 t - 2 scrolls of identify {unknown}
 u - a scroll of amnesia {unknown}
Potions
 h - 2 potions of cancellation
Comestibles
 f - 8 rations


   Skills:
 + Level 3.3 Fighting
 * Level 4.4 Long Blades
 - Level 1.7 Throwing
 + Level 3.6 Dodging


You had 4 spell levels left.
You didn't know any spells.
Your spell library was empty.

Dungeon Overview and Level Annotations

Branches:
Dungeon (3/15)

Altars:

Shops:
D:3 *


Innate Abilities, Weirdness & Mutations

You have large cloven feet.
You are slightly more attuned to the shadows.
You are immune to rotting.
Your movements are slightly less encumbered by armour. (ER -2)
You are somewhat resistant to further mutation.


Message History

Something tries to affect you, but you resist.
It was a potion of resistance.
You feel protected.
You feel sick. Something hits you.
* * * LOW HITPOINT WARNING * * *
It was a potion of mutation.
You feel extremely strange.
You feel genetically stable.
* * * LOW HITPOINT WARNING * * *
You feel sick. Something hits you but does no damage.
You closely miss something.
* * * LOW HITPOINT WARNING * * *
You feel sick. Something hits you.
* * * LOW HITPOINT WARNING * * *
You slash something!
* * * LOW HITPOINT WARNING * * *
You feel sick. Something hits you.
* * * LOW HITPOINT WARNING * * *
You are more poisoned.
Something hits you.
You die...

.......##........#.#
.................#.#
#########.......##.#
#..........#
#........###
########.# #.# #.#
#.# #@# #{# #r# #o#
#.# #.# #.#


You could see an orc priest and a rat.

Vanquished Creatures
  A scorpion (D:3)
  A gnoll (D:1)
  5 adders
  An ooze (D:1)
  3 worms
  A dart slug (D:3)
  3 leopard geckos
  4 orcs (D:3)
  A giant cockroach (D:2)
  8 goblins
  9 hobgoblins
  6 jackals
  9 kobolds
  A quokka (D:2)
  7 bats
  5 frilled lizards
  6 rats
71 creatures vanquished.

Notes
Turn   | Place    | Note
-------+----------+-------------------------------------------
     0 | D:1      | Voker57 the Demonspawn Gladiator began the quest for the
                  | Orb.
     0 | D:1      | Reached XP level 1. HP: 16/16 MP: 1/1
   133 | D:1      | Reached skill level 3 in Long Blades
   246 | D:1      | Gained mutation: You are immune to rotting. [demonic
                  | ancestry]
   246 | D:1      | Reached XP level 2. HP: 18/22 MP: 2/2
   685 | D:1      | Gained mutation: You have large cloven feet. [demonic
                  | ancestry]
   685 | D:1      | Reached XP level 3. HP: 21/28 MP: 3/3
  1124 | D:2      | Gained mutation: Your movements are slightly less
                  | encumbered by armour. (ER -2) [demonic ancestry]
  1124 | D:2      | Reached XP level 4. HP: 34/34 MP: 4/4
  1421 | D:3      | Reached skill level 4 in Long Blades
  1646 | D:3      | Found Gozag's Platinum Reserve.
  1722 | D:3      | Gained mutation: You are slightly more attuned to the
                  | shadows. [demonic ancestry]
  1722 | D:3      | Reached XP level 5. HP: 12/41 MP: 5/5
  2004 | D:3      | Gained mutation: You are somewhat resistant to further
                  | mutation. [potion of mutation]
  2006 | D:3      | HP: 1/41 [something (2)]
  2006 | D:3      | Slain by an orc wizard

Levels and vault maps discovered:
D:1:      roderic_crop_circles_arrival_small, layout_loops_corners,
          minmay_fountain_box, supply_closet_lemuel, minmay_splitting_lines
D:2:      layout_rooms, serial_bayou_crossing
D:3:      layout_basic, nicolae_gozag_zags_fifth_avenue

Skill      XL: |  1  2  3  4 |
---------------+-------------+-----
Long Blades    | 3 4 |  4.4
Dodging        | 3 |  3.6
Fighting       | 3 |  3.3
Throwing       | |  1.7

Action                   |  1- 3 |  4- 6 || total
-------------------------+-------+-------++-------
Melee: Long sword        |    88 |   104 ||   192
       Kick              |     8 |    37 ||    45
Throw: Throwing net      |       |     1 ||     1
  Use: Potion            |       |     8 ||     8
  Eat: Chunk             |     1 |     3 ||     4
Armor: Leather armour    |    33 |    21 ||    54
Dodge: Dodged            |    62 |    72 ||   134
       Rpst.: Long sword |    23 |    22 ||    45

Table legend:
 A = Non-vault XP
 B = Vault XP
 C = Vault XP percentage of total XP
 D = Non-vault monster count
 E = Vault monster count
 F = Vault count percentage of total count
                 A         B        C        D         E       F
            +---------+---------+-------+---------+---------+-------
      Total |     280 |       0 |   0.0 |      71 |       0 |   0.0
            +---------+---------+-------+---------+---------+-------
        D:1 |      43 |       0 |   0.0 |      14 |       0 |   0.0
        D:2 |      77 |       0 |   0.0 |      24 |       0 |   0.0
        D:3 |     160 |       0 |   0.0 |      33 |       0 |   0.0
            +---------+---------+-------+---------+---------+-------
